[ AOE2 MATCH · #465908321 ]
Team RMGoths vs Huns
[ REPLAY ANALYSIS · EXTRACTED FROM THE RECORDED GAME ]
Feudal
13:13
Castle
23:20
Imperial
37:46
| APM avg | 44.6 |
| APM peak | 87 |
| eAPM avg | 18.7 |
| Villagers / military | 177 / 114 |
Focus
⚔️ 32.6% · 🌾 67.4%
Hand Cannoneer ×60 · Galley ×25 · Unknown (2626) ×24 · Huskarl ×13 · Trebuchet (Packed) ×9 · Fire Galley ×7
Feudal
13:46
Castle
29:13
Imperial
—
| APM avg | 28.5 |
| APM peak | 78 |
| eAPM avg | 14.7 |
| Villagers / military | 98 / 43 |
Focus
⚔️ 31.7% · 🌾 68.3%
Unknown (2550) ×49 · Kamayuk ×33 · Mangonel ×5 · Spearman ×5
Feudal
14:10
Castle
21:59
Imperial
45:24
| APM avg | 29.8 |
| APM peak | 77 |
| eAPM avg | 14.5 |
| Villagers / military | 113 / 112 |
Focus
⚔️ 26.8% · 🌾 73.2%
Knight ×108 · Scout Cavalry ×2 · Trebuchet (Packed) ×2
Feudal
14:30
Castle
21:46
Imperial
40:10
| APM avg | 30.2 |
| APM peak | 69 |
| eAPM avg | 15.5 |
| Villagers / military | 121 / 81 |
Focus
⚔️ 27.6% · 🌾 72.4%
Cataphract ×36 · Fire Galley ×29 · Fishing Ship ×21 · Demolition Raft ×9 · Unknown (1795) ×8 · Trebuchet (Packed) ×7
Feudal
12:20
Castle
24:40
Imperial
42:12
| APM avg | 36.1 |
| APM peak | 76 |
| eAPM avg | 18.0 |
| Villagers / military | 149 / 238 |
Focus
⚔️ 37.4% · 🌾 62.6%
Archer ×237 · Unknown (1942) ×19 · Fishing Ship ×3 · Monk ×1
Feudal
15:05
Castle
19:15
Imperial
46:27
| APM avg | 28.6 |
| APM peak | 58 |
| eAPM avg | 14.3 |
| Villagers / military | 156 / 126 |
Focus
⚔️ 22.8% · 🌾 77.2%
Tarkan ×77 · Knight ×37 · Unknown (2626) ×12 · Monk ×8 · Fishing Ship ×6 · Trebuchet (Packed) ×4
Match map
Resources at game start + every placement click. Thick line = wall · dashed box = detected house wall. 🟡 gold · ⚪ stone · 🟢 berries · 🔶 boar · ⭕ relic
Inputs per minute
— TartineMiamMiam - - blue
Build order — TartineMiamMiam
First 150 of 408 actions detected
| 0:53 | Build | Dock |
| 1:01 | Build | Town Center |
| 1:14 | Build | House |
| 2:59 | Create | Villager (Male) |
| 2:59 | Create | Villager (Male) |
| 2:59 | Create | Villager (Male) |
| 3:00 | Create | Villager (Male) |
| 3:00 | Create | Villager (Male) |
| 3:00 | Create | Villager (Male) |
| 4:26 | Create | Fishing Ship |
| 4:41 | Create | Villager (Male) |
| 4:41 | Create | Villager (Male) |
| 5:16 | Research | Loom |
| 5:20 | Build | House |
| 5:29 | Create | Villager (Male) |
| 5:29 | Create | Villager (Male) |
| 5:40 | Build | House |
| 5:47 | Create | Villager (Male) |
| 5:47 | Create | Villager (Male) |
| 6:17 | Create | Villager (Male) |
| 6:18 | Create | Villager (Male) |
| 6:21 | Create | Fishing Ship |
| 6:21 | Create | Fishing Ship |
| 6:37 | Create | Villager (Male) |
| 6:38 | Create | Villager (Male) |
| 7:06 | Create | Fishing Ship |
| 7:18 | Create | Villager (Male) |
| 7:18 | Create | Villager (Male) |
| 7:18 | Create | Villager (Male) |
| 7:27 | Build | House |
| 7:44 | Create | Villager (Male) |
| 7:44 | Create | Villager (Male) |
| 8:07 | Create | Villager (Male) |
| 8:07 | Create | Villager (Male) |
| 8:30 | Build | Lumber Camp |
| 9:02 | Create | Villager (Male) |
| 9:07 | Build | House |
| 9:21 | Create | Villager (Male) |
| 9:25 | Create | Fishing Ship |
| 9:40 | Build | House |
| 9:44 | Create | Villager (Male) |
| 10:21 | Build | Mill |
| 11:03 | Research | Feudal Age |
| 11:31 | Build | Dock |
| 11:40 | Build | Mining Camp |
| 11:42 | Create | Villager (Male) |
| 11:45 | Build | House |
| 12:20 | Build | House |
| 12:32 | Create | Fishing Ship |
| 13:06 | Build | Dock |
| 13:13 | Age | Feudal Age |
| 13:16 | Research | Double-Bit Axe |
| 13:33 | Create | Galley |
| 13:33 | Create | Galley |
| 13:40 | Create | Villager (Male) |
| 13:45 | Create | Villager (Male) |
| 14:02 | Create | Galley |
| 14:16 | Create | Galley |
| 14:25 | Create | Villager (Male) |
| 14:30 | Create | Galley |
| 14:31 | Create | Villager (Male) |
| 14:46 | Build | Lumber Camp |
| 14:48 | Create | Villager (Male) |
| 14:55 | Build | Palisade Wall |
| 14:57 | Build | Palisade Wall |
| 15:00 | Build | Palisade Wall |
| 15:14 | Create | Galley |
| 15:14 | Create | Galley |
| 15:16 | Create | Villager (Male) |
| 15:30 | Create | Villager (Male) |
| 15:48 | Create | Galley |
| 16:05 | Create | Unit 2626 |
| 16:21 | Create | Unit 2626 |
| 16:25 | Create | Unit 2626 |
| 16:28 | Create | Villager (Male) |
| 16:28 | Create | Villager (Male) |
| 16:51 | Build | Blacksmith |
| 17:21 | Create | Villager (Male) |
| 17:22 | Create | Villager (Male) |
| 17:26 | Create | Galley ×3 |
| 17:35 | Build | House |
| 17:35 | Build | House |
| 17:35 | Build | House |
| 17:35 | Build | House |
| 17:36 | Build | House |
| 18:16 | Create | Galley |
| 18:19 | Create | Galley ×2 |
| 18:52 | Create | Villager (Male) |
| 18:52 | Create | Villager (Male) |
| 18:53 | Create | Villager (Male) |
| 19:03 | Create | Fire Galley |
| 19:03 | Create | Fire Galley |
| 19:05 | Create | Villager (Male) |
| 19:05 | Create | Villager (Male) |
| 19:08 | Build | Market |
| 19:22 | Create | Villager (Male) |
| 19:25 | Build | House |
| 19:25 | Build | House |
| 19:25 | Build | House |
| 19:25 | Build | House |
| 19:26 | Build | House |
| 19:26 | Build | House |
| 19:31 | Research | Town Watch |
| 19:42 | Create | Unit 2626 |
| 20:37 | Create | Villager (Male) |
| 20:38 | Create | Villager (Male) |
| 20:40 | Research | Castle Age |
| 20:43 | Build | Barracks |
| 20:51 | Build | Mining Camp |
| 22:21 | Create | Villager (Male) |
| 22:24 | Research | Fletching |
| 22:52 | Create | Unit 2626 |
| 22:52 | Create | Unit 2626 |
| 22:52 | Create | Unit 2626 |
| 23:20 | Age | Castle Age |
| 23:21 | Research | War Galley (upgrade) |
| 23:27 | Research | Bodkin Arrow |
| 23:42 | Create | Villager (Male) |
| 23:43 | Create | Villager (Male) |
| 23:43 | Create | Villager (Male) |
| 23:43 | Create | Villager (Male) |
| 23:51 | Build | Town Center |
| 23:57 | Build | Town Center |
| 24:05 | Build | Mining Camp |
| 25:13 | Create | Galley |
| 25:13 | Create | Galley |
| 25:13 | Create | Galley |
| 25:16 | Create | Galley ×3 |
| 25:25 | Create | Villager (Male) |
| 25:25 | Create | Villager (Male) |
| 25:26 | Create | Villager (Male) |
| 25:27 | Build | Farm |
| 25:28 | Build | Farm |
| 25:28 | Build | Farm |
| 25:38 | Create | Villager (Male) |
| 25:38 | Create | Villager (Male) |
| 26:03 | Create | Galley |
| 26:26 | Create | Villager (Male) |
| 26:26 | Create | Villager (Male) |
| 26:30 | Create | Villager (Male) |
| 26:30 | Create | Villager (Male) |
| 27:23 | Create | Galley ×4 |
| 27:27 | Create | Villager (Male) |
| 27:27 | Create | Villager (Male) |
| 27:28 | Create | Villager (Male) |
| 27:30 | Create | Villager (Male) |
| 27:30 | Create | Villager (Male) |
| 27:36 | Build | Castle |
| 27:39 | Create | Villager (Male) |
| 27:39 | Create | Villager (Male) |
Build order — blue
First 150 of 272 actions detected
| 1:15 | Build | Town Center |
| 2:51 | Create | Villager (Male) |
| 2:52 | Create | Villager (Male) |
| 2:52 | Create | Villager (Male) |
| 2:52 | Create | Villager (Male) |
| 2:52 | Create | Villager (Male) |
| 2:53 | Create | Villager (Male) |
| 3:07 | Build | House |
| 3:12 | Research | Loom |
| 3:13 | Create | Villager (Male) |
| 3:14 | Create | Villager (Male) |
| 3:14 | Create | Villager (Male) |
| 4:29 | Create | Villager (Male) |
| 5:07 | Create | Villager (Male) |
| 5:09 | Create | Villager (Male) |
| 5:51 | Create | Villager (Male) |
| 5:51 | Create | Villager (Male) |
| 6:26 | Create | Villager (Male) |
| 6:26 | Create | Villager (Male) |
| 6:41 | Create | Villager (Male) |
| 7:01 | Create | Villager (Male) |
| 7:18 | Build | Settlement |
| 7:35 | Create | Villager (Male) |
| 7:56 | Create | Villager (Male) |
| 7:57 | Create | Villager (Male) |
| 7:57 | Create | Villager (Male) |
| 7:57 | Create | Villager (Male) |
| 8:06 | Create | Villager (Male) |
| 8:07 | Create | Villager (Male) |
| 8:41 | Create | Villager (Male) |
| 10:59 | Build | Settlement |
| 11:04 | Research | Feudal Age |
| 12:15 | Build | Barracks |
| 13:15 | Create | Unit 2550 |
| 13:15 | Create | Unit 2550 |
| 13:33 | Create | Villager (Male) |
| 13:34 | Create | Villager (Male) |
| 13:41 | Build | Barracks |
| 13:46 | Age | Feudal Age |
| 13:49 | Create | Villager (Male) |
| 13:50 | Create | Villager (Male) |
| 14:23 | Research | Tech 1402 |
| 14:27 | Research | Double-Bit Axe |
| 14:57 | Build | Settlement |
| 15:05 | Create | Villager (Male) |
| 15:13 | Research | Arson |
| 15:15 | Create | Unit 2550 |
| 15:16 | Create | Unit 2550 |
| 15:16 | Create | Unit 2550 |
| 16:02 | Create | Villager (Male) |
| 16:02 | Create | Villager (Male) |
| 16:03 | Create | Villager (Male) |
| 16:03 | Create | Villager (Male) |
| 16:20 | Build | Blacksmith |
| 16:28 | Create | Unit 2550 |
| 16:28 | Create | Unit 2550 |
| 16:28 | Create | Unit 2550 |
| 16:29 | Create | Unit 2550 |
| 16:33 | Create | Villager (Male) |
| 17:09 | Research | Scale Mail Armor |
| 17:23 | Create | Villager (Male) |
| 17:34 | Create | Unit 2550 |
| 17:35 | Create | Unit 2550 |
| 17:42 | Build | Settlement |
| 19:12 | Create | Unit 2550 |
| 19:12 | Create | Unit 2550 |
| 19:25 | Create | Villager (Male) |
| 19:25 | Create | Villager (Male) |
| 19:26 | Create | Villager (Male) |
| 19:26 | Create | Villager (Male) |
| 19:26 | Create | Villager (Male) |
| 19:27 | Create | Villager (Male) |
| 19:40 | Create | Unit 2550 ×3 |
| 19:40 | Create | Unit 2550 ×3 |
| 19:57 | Create | Villager (Male) |
| 21:05 | Create | Villager (Male) |
| 21:05 | Create | Villager (Male) |
| 21:12 | Create | Unit 2550 |
| 21:12 | Create | Unit 2550 |
| 21:12 | Create | Unit 2550 |
| 21:16 | Build | Farm |
| 21:17 | Build | Farm |
| 21:17 | Build | Farm |
| 21:17 | Build | Farm |
| 21:18 | Build | Farm |
| 22:03 | Build | Stone Wall |
| 22:06 | Build | Stone Wall |
| 22:09 | Build | Stone Wall |
| 22:12 | Create | Villager (Male) |
| 22:24 | Build | Market |
| 22:39 | Build | Stone Wall |
| 22:45 | Build | Stone Wall |
| 22:57 | Research | Horse Collar |
| 22:58 | Create | Villager (Male) |
| 23:00 | Build | Farm |
| 23:04 | Build | Farm |
| 23:25 | Create | Villager (Male) |
| 23:25 | Create | Villager (Male) |
| 23:40 | Build | Farm |
| 24:06 | Build | Farm |
| 24:18 | Create | Unit 2550 |
| 24:18 | Create | Unit 2550 |
| 24:18 | Create | Unit 2550 |
| 24:18 | Create | Unit 2550 |
| 24:18 | Create | Unit 2550 |
| 24:21 | Build | House |
| 24:21 | Build | House |
| 24:40 | Build | Farm |
| 25:06 | Create | Villager (Male) |
| 25:07 | Create | Villager (Male) |
| 25:07 | Create | Villager (Male) |
| 25:28 | Research | Gold Mining |
| 25:36 | Create | Spearman |
| 25:37 | Create | Spearman |
| 25:47 | Create | Spearman |
| 25:48 | Create | Spearman |
| 25:48 | Create | Spearman |
| 26:33 | Research | Castle Age |
| 26:38 | Create | Unit 2550 |
| 26:39 | Create | Unit 2550 |
| 27:14 | Create | Unit 2550 |
| 27:15 | Create | Unit 2550 |
| 27:48 | Build | Settlement |
| 28:02 | Research | Forging |
| 28:48 | Build | Stone Wall |
| 29:05 | Create | Villager (Male) |
| 29:07 | Create | Villager (Male) |
| 29:07 | Create | Villager (Male) |
| 29:13 | Age | Castle Age |
| 29:19 | Build | Siege Workshop |
| 29:25 | Research | Tech 1351 |
| 29:28 | Create | Villager (Male) |
| 29:39 | Build | Town Center |
| 30:03 | Create | Mangonel |
| 30:21 | Create | Mangonel |
| 30:33 | Create | Villager (Male) |
| 30:33 | Create | Villager (Male) |
| 30:43 | Create | Mangonel |
| 31:20 | Build | House |
| 31:34 | Create | Mangonel |
| 31:36 | Create | Villager (Male) |
| 31:36 | Create | Villager (Male) |
| 33:17 | Build | Castle |
| 33:32 | Build | Town Center |
| 33:45 | Research | Squires |
| 33:46 | Create | Unit 2550 |
| 33:47 | Create | Unit 2550 |
| 33:47 | Create | Unit 2550 |
| 33:47 | Create | Unit 2550 |
| 33:47 | Create | Unit 2550 |
Build order — nanoushka
First 150 of 223 actions detected
| 1:10 | Build | Town Center |
| 2:57 | Create | Villager (Male) |
| 2:58 | Create | Villager (Male) |
| 2:58 | Create | Villager (Male) |
| 2:58 | Create | Villager (Male) |
| 3:32 | Build | House |
| 3:34 | Research | Loom |
| 3:38 | Create | Villager (Male) |
| 3:38 | Create | Villager (Male) |
| 3:38 | Create | Villager (Male) |
| 3:53 | Build | House |
| 4:40 | Create | Villager (Male) |
| 4:40 | Create | Villager (Male) |
| 5:35 | Create | Villager (Male) |
| 5:35 | Create | Villager (Male) |
| 6:12 | Create | Villager (Male) |
| 6:12 | Create | Villager (Male) |
| 6:34 | Create | Villager (Male) |
| 6:34 | Create | Villager (Male) |
| 6:51 | Create | Villager (Male) |
| 6:52 | Create | Villager (Male) |
| 7:43 | Build | Mill |
| 7:44 | Create | Villager (Male) |
| 7:45 | Create | Villager (Male) |
| 7:45 | Create | Villager (Male) |
| 8:40 | Build | House |
| 9:15 | Create | Villager (Male) |
| 10:21 | Create | Villager (Male) |
| 10:22 | Create | Villager (Male) |
| 10:23 | Create | Villager (Male) |
| 11:07 | Build | Mining Camp |
| 11:17 | Create | Villager (Male) |
| 12:00 | Research | Feudal Age |
| 12:07 | Build | Barracks |
| 13:15 | Build | House |
| 13:19 | Build | House |
| 13:20 | Build | House |
| 14:10 | Age | Feudal Age |
| 14:16 | Research | Horse Collar |
| 14:23 | Create | Villager (Male) |
| 14:23 | Create | Villager (Male) |
| 14:23 | Create | Villager (Male) |
| 14:26 | Research | Wheelbarrow |
| 15:18 | Build | Stable |
| 15:23 | Build | Blacksmith |
| 16:12 | Create | Villager (Male) |
| 16:13 | Create | Villager (Male) |
| 16:13 | Create | Villager (Male) |
| 16:21 | Research | Bloodlines |
| 16:22 | Create | Scout Cavalry |
| 16:22 | Create | Scout Cavalry |
| 18:10 | Create | Villager (Male) |
| 19:19 | Research | Castle Age |
| 19:31 | Build | Stable |
| 21:13 | Research | Scale Barding Armor |
| 21:14 | Research | Forging |
| 21:36 | Build | Farm |
| 21:36 | Build | Farm |
| 21:36 | Build | Farm |
| 21:36 | Build | Farm |
| 21:59 | Age | Castle Age |
| 22:05 | Create | Knight |
| 22:25 | Build | Town Center |
| 22:53 | Research | Hand Cart |
| 22:54 | Create | Villager (Male) |
| 23:40 | Create | Knight ×2 |
| 23:52 | Research | Gold Mining |
| 24:01 | Build | Lumber Camp |
| 24:50 | Create | Knight |
| 24:51 | Create | Villager (Male) ×4 |
| 25:21 | Create | Villager (Male) ×4 |
| 25:46 | Build | Farm |
| 25:46 | Build | Farm |
| 25:46 | Build | Farm |
| 25:46 | Build | Farm |
| 25:47 | Build | Farm |
| 25:47 | Build | Farm |
| 25:47 | Build | Farm |
| 25:48 | Build | Farm |
| 25:49 | Build | Farm |
| 25:49 | Build | Farm |
| 25:49 | Build | Farm |
| 25:50 | Build | Farm |
| 26:17 | Create | Villager (Male) ×2 |
| 26:29 | Build | House |
| 26:33 | Build | House |
| 26:34 | Build | House |
| 27:01 | Create | Villager (Male) ×2 |
| 27:14 | Research | Heavy Plow |
| 27:41 | Create | Villager (Male) ×3 |
| 28:21 | Create | Villager (Male) ×4 |
| 28:56 | Create | Knight ×3 |
| 29:03 | Build | Farm |
| 29:03 | Build | Farm |
| 29:03 | Build | Farm |
| 29:04 | Build | Farm |
| 29:04 | Build | Farm |
| 29:04 | Build | Farm |
| 29:14 | Research | Double-Bit Axe |
| 29:46 | Create | Villager (Male) ×3 |
| 29:57 | Create | Knight ×2 |
| 30:08 | Build | Farm |
| 30:08 | Build | Farm |
| 30:19 | Create | Knight ×2 |
| 30:24 | Build | House |
| 30:26 | Build | House |
| 30:27 | Build | House |
| 30:29 | Build | House |
| 30:30 | Build | House |
| 30:50 | Create | Villager (Male) ×5 |
| 31:01 | Create | Knight ×2 |
| 31:03 | Create | Villager (Male) |
| 32:00 | Research | Chain Barding Armor |
| 32:01 | Research | Iron Casting |
| 32:13 | Build | Farm |
| 32:13 | Build | Farm |
| 32:13 | Build | Farm |
| 32:13 | Build | Farm |
| 32:30 | Create | Villager (Male) ×4 |
| 32:32 | Create | Villager (Male) |
| 33:24 | Create | Knight ×5 |
| 33:25 | Create | Villager (Male) ×3 |
| 33:34 | Build | Farm |
| 33:34 | Build | Farm |
| 33:35 | Build | Farm |
| 33:35 | Build | Farm |
| 33:35 | Build | Farm |
| 33:35 | Build | Farm |
| 33:35 | Build | Farm |
| 33:36 | Build | Farm |
| 33:36 | Build | Farm |
| 33:37 | Build | Farm |
| 33:37 | Build | Farm |
| 33:37 | Build | Farm |
| 33:37 | Build | Farm |
| 33:37 | Build | Farm |
| 33:38 | Build | Farm |
| 33:40 | Create | Villager (Male) ×4 |
| 34:42 | Build | Farm |
| 34:42 | Build | Farm |
| 34:43 | Build | Farm |
| 34:48 | Create | Villager (Male) ×5 |
| 34:50 | Create | Knight ×5 |
| 35:44 | Create | Villager (Male) ×5 |
| 35:52 | Build | House |
| 35:52 | Build | House |
| 35:52 | Build | House |
| 35:52 | Build | House |
| 35:52 | Build | House |
| 35:53 | Build | House |
Build order — VT
First 150 of 291 actions detected
| 1:01 | Build | Town Center |
| 2:11 | Build | House |
| 2:38 | Create | Villager (Male) |
| 2:38 | Create | Villager (Male) |
| 2:38 | Create | Villager (Male) |
| 2:38 | Create | Villager (Male) |
| 2:39 | Create | Villager (Male) |
| 2:39 | Create | Villager (Male) |
| 4:06 | Build | Dock |
| 4:12 | Create | Villager (Male) |
| 4:13 | Create | Villager (Male) |
| 4:13 | Create | Villager (Male) |
| 4:13 | Create | Villager (Male) |
| 4:13 | Create | Villager (Male) |
| 4:14 | Create | Villager (Male) |
| 4:14 | Create | Villager (Male) |
| 4:35 | Build | House |
| 4:47 | Create | Villager (Male) |
| 5:22 | Create | Villager (Male) |
| 5:23 | Create | Villager (Male) |
| 5:23 | Create | Villager (Male) |
| 6:05 | Create | Villager (Male) |
| 6:38 | Create | Villager (Male) |
| 6:38 | Create | Villager (Male) |
| 7:08 | Build | House |
| 7:10 | Build | House |
| 7:14 | Research | Loom |
| 7:41 | Create | Villager (Male) |
| 7:41 | Create | Villager (Male) |
| 7:41 | Create | Villager (Male) |
| 7:42 | Create | Villager (Male) |
| 7:46 | Create | Fishing Ship |
| 7:49 | Create | Fishing Ship |
| 8:02 | Create | Villager (Male) |
| 8:03 | Create | Villager (Male) |
| 8:03 | Create | Villager (Male) |
| 8:52 | Build | House |
| 9:13 | Create | Fishing Ship |
| 9:16 | Create | Fishing Ship |
| 9:39 | Create | Villager (Male) |
| 9:44 | Build | House |
| 10:08 | Create | Villager (Male) |
| 10:28 | Create | Villager (Male) |
| 10:31 | Create | Fishing Ship |
| 10:57 | Build | House |
| 11:05 | Create | Villager (Male) |
| 11:08 | Create | Fishing Ship |
| 11:29 | Create | Villager (Male) |
| 11:34 | Build | Lumber Camp |
| 11:52 | Create | Villager (Male) |
| 12:04 | Research | Feudal Age |
| 12:32 | Build | Dock |
| 13:04 | Build | Dock |
| 13:45 | Build | Mill |
| 13:51 | Build | House |
| 13:52 | Build | House |
| 14:11 | Create | Fishing Ship ×3 |
| 14:22 | Build | House |
| 14:24 | Build | House |
| 14:28 | Create | Villager (Male) |
| 14:28 | Create | Villager (Male) |
| 14:30 | Age | Feudal Age |
| 14:50 | Create | Fire Galley ×2 |
| 14:55 | Create | Villager (Male) |
| 15:04 | Create | Villager (Male) |
| 15:34 | Build | House |
| 15:35 | Build | House |
| 16:06 | Create | Villager (Male) |
| 16:18 | Create | Fire Galley |
| 16:19 | Create | Villager (Male) |
| 16:29 | Build | Blacksmith |
| 16:32 | Create | Villager (Male) |
| 16:45 | Create | Villager (Male) |
| 16:54 | Build | Barracks |
| 17:22 | Create | Fire Galley |
| 17:22 | Create | Villager (Male) |
| 17:22 | Create | Villager (Male) |
| 17:33 | Build | Mill |
| 17:36 | Build | Stable |
| 17:37 | Create | Villager (Male) |
| 18:06 | Create | Demolition Raft |
| 18:40 | Create | Villager (Male) |
| 18:41 | Research | Castle Age |
| 19:27 | Create | Fire Galley |
| 19:33 | Create | Villager (Male) |
| 19:33 | Create | Villager (Male) |
| 19:40 | Research | Tech 906 |
| 19:41 | Create | Fishing Ship ×5 |
| 19:52 | Create | Fire Galley |
| 21:14 | Create | Fire Galley |
| 21:14 | Create | Fire Galley |
| 21:21 | Create | Fire Galley |
| 21:46 | Age | Castle Age |
| 21:52 | Build | Town Center |
| 22:15 | Build | Town Center |
| 22:43 | Create | Villager (Male) |
| 22:43 | Create | Villager (Male) |
| 22:44 | Create | Villager (Male) |
| 22:44 | Create | Villager (Male) |
| 22:51 | Build | University |
| 23:32 | Research | War Galley (upgrade) |
| 23:41 | Build | Mining Camp |
| 24:02 | Create | Villager (Male) |
| 24:03 | Create | Villager (Male) |
| 24:32 | Create | Demolition Raft |
| 24:32 | Create | Demolition Raft |
| 25:29 | Create | Fire Galley ×3 |
| 25:33 | Create | Villager (Male) |
| 25:34 | Create | Villager (Male) |
| 25:44 | Create | Villager (Male) |
| 25:44 | Create | Villager (Male) |
| 25:53 | Build | Lumber Camp |
| 26:06 | Create | Villager (Male) |
| 26:07 | Create | Villager (Male) |
| 26:07 | Create | Villager (Male) |
| 26:09 | Create | Villager (Male) |
| 26:25 | Create | Fire Galley |
| 27:04 | Research | Tech 908 |
| 27:05 | Research | Careening |
| 27:05 | Research | Tech 909 |
| 27:07 | Create | Villager (Male) |
| 27:07 | Create | Villager (Male) |
| 27:07 | Create | Villager (Male) |
| 27:20 | Create | Fire Galley |
| 27:20 | Create | Fire Galley |
| 27:24 | Create | Villager (Male) |
| 27:24 | Create | Villager (Male) |
| 27:26 | Create | Villager (Male) |
| 27:32 | Build | Castle |
| 27:39 | Research | Double-Bit Axe |
| 27:42 | Research | Gold Mining |
| 27:52 | Create | Fire Galley |
| 28:01 | Create | Fire Galley |
| 28:02 | Create | Fire Galley |
| 28:03 | Create | Villager (Male) |
| 28:04 | Create | Villager (Male) |
| 28:04 | Create | Villager (Male) |
| 28:05 | Create | Villager (Male) |
| 28:05 | Create | Villager (Male) |
| 28:19 | Create | Villager (Male) |
| 28:19 | Create | Villager (Male) |
| 28:20 | Create | Villager (Male) |
| 28:20 | Create | Villager (Male) |
| 28:56 | Create | Fire Galley |
| 29:15 | Research | Greek Fire |
| 29:19 | Build | Mining Camp |
| 29:51 | Create | Fire Galley ×5 |
| 30:12 | Research | Tech 905 |
| 30:13 | Create | Demolition Raft |
| 30:13 | Create | Demolition Raft |
Build order — Confiturier
First 150 of 398 actions detected
| 1:02 | Build | Town Center |
| 2:36 | Create | Villager (Male) |
| 2:36 | Create | Villager (Male) |
| 2:52 | Create | Villager (Male) |
| 2:53 | Create | Villager (Male) |
| 2:53 | Create | Villager (Male) |
| 3:04 | Build | House |
| 3:07 | Research | Loom |
| 3:16 | Build | Dock |
| 3:24 | Create | Villager (Male) |
| 3:24 | Create | Villager (Male) |
| 3:25 | Create | Villager (Male) |
| 3:25 | Create | Villager (Male) |
| 4:03 | Create | Villager (Male) |
| 4:25 | Create | Villager (Male) |
| 4:44 | Build | House |
| 5:08 | Create | Villager (Male) |
| 5:08 | Create | Villager (Male) |
| 5:08 | Create | Villager (Male) |
| 6:05 | Create | Villager (Male) |
| 6:05 | Create | Villager (Male) |
| 6:06 | Create | Villager (Male) |
| 6:07 | Create | Fishing Ship |
| 6:41 | Build | House |
| 7:12 | Create | Villager (Male) |
| 7:14 | Create | Fishing Ship |
| 7:20 | Build | House |
| 8:01 | Create | Villager (Male) |
| 8:03 | Create | Villager (Male) |
| 8:18 | Build | Mill |
| 8:46 | Create | Villager (Male) |
| 9:02 | Create | Villager (Male) |
| 9:07 | Create | Fishing Ship |
| 9:36 | Create | Villager (Male) |
| 10:10 | Research | Feudal Age |
| 10:10 | Research | Feudal Age |
| 10:58 | Build | Barracks |
| 11:24 | Create | Villager (Male) |
| 11:44 | Build | House |
| 11:59 | Build | Mining Camp |
| 12:20 | Age | Feudal Age |
| 12:20 | Create | Villager (Male) |
| 12:28 | Build | Archery Range |
| 12:46 | Create | Villager (Male) |
| 13:04 | Build | Lumber Camp |
| 13:24 | Create | Archer |
| 13:26 | Build | House |
| 13:27 | Create | Villager (Male) |
| 13:37 | Create | Archer |
| 13:38 | Create | Villager (Male) |
| 14:02 | Build | Archery Range |
| 14:06 | Create | Villager (Male) |
| 14:16 | Create | Villager (Male) |
| 14:20 | Create | Archer |
| 14:27 | Build | House |
| 14:34 | Create | Archer |
| 14:44 | Research | Double-Bit Axe |
| 15:03 | Create | Archer |
| 15:03 | Create | Archer |
| 15:05 | Create | Villager (Male) |
| 15:13 | Build | House |
| 15:14 | Build | House |
| 15:34 | Build | Blacksmith |
| 15:43 | Create | Villager (Male) |
| 15:45 | Create | Archer ×2 |
| 15:45 | Create | Archer ×2 |
| 15:45 | Create | Archer |
| 16:05 | Create | Archer |
| 16:06 | Create | Archer |
| 16:12 | Create | Archer |
| 16:13 | Create | Archer |
| 16:29 | Create | Villager (Male) |
| 16:43 | Build | Blacksmith |
| 16:43 | Create | Villager (Male) |
| 16:43 | Create | Villager (Male) |
| 17:08 | Create | Villager (Male) |
| 17:18 | Create | Archer ×4 |
| 17:18 | Create | Archer ×4 |
| 17:25 | Research | Fletching |
| 17:26 | Research | Padded Archer Armor |
| 17:29 | Create | Villager (Male) |
| 17:32 | Build | House |
| 17:33 | Build | House |
| 17:34 | Create | Villager (Male) |
| 18:15 | Create | Archer ×2 |
| 18:15 | Create | Archer ×2 |
| 18:17 | Create | Villager (Male) |
| 18:17 | Create | Villager (Male) |
| 18:23 | Build | House |
| 18:28 | Create | Archer |
| 18:28 | Create | Archer |
| 19:05 | Create | Archer ×2 |
| 19:22 | Create | Archer |
| 20:14 | Build | Farm |
| 20:15 | Build | Farm |
| 20:17 | Build | Farm |
| 20:44 | Create | Villager (Male) |
| 20:47 | Create | Archer ×5 |
| 20:48 | Create | Archer ×5 |
| 21:05 | Research | Gold Mining |
| 21:25 | Build | Archery Range |
| 21:28 | Build | House |
| 21:31 | Create | Archer ×3 |
| 21:36 | Build | Farm |
| 21:44 | Create | Villager (Male) |
| 21:45 | Create | Villager (Male) |
| 22:00 | Research | Castle Age |
| 22:01 | Research | Castle Age |
| 22:02 | Create | Archer ×3 |
| 22:03 | Create | Archer ×3 |
| 22:15 | Build | Market |
| 22:18 | Build | Farm |
| 22:20 | Build | Farm |
| 22:29 | Build | Mining Camp |
| 22:36 | Create | Archer ×2 |
| 22:42 | Create | Archer |
| 22:42 | Create | Archer |
| 22:56 | Build | Palisade Wall |
| 22:58 | Build | House |
| 23:00 | Build | House |
| 23:05 | Build | Palisade Wall |
| 23:09 | Create | Villager (Male) |
| 23:10 | Create | Archer |
| 23:10 | Create | Archer |
| 23:17 | Create | Villager (Male) |
| 23:18 | Create | Archer |
| 23:18 | Create | Archer |
| 23:29 | Research | Horse Collar |
| 23:37 | Create | Archer |
| 23:37 | Create | Archer |
| 23:57 | Create | Archer |
| 23:57 | Create | Archer |
| 24:16 | Create | Archer ×2 |
| 24:32 | Build | Palisade Wall |
| 24:34 | Build | Palisade Wall |
| 24:40 | Create | Archer ×2 |
| 24:40 | Create | Archer ×2 |
| 24:40 | Age | Castle Age |
| 24:50 | Research | Bodkin Arrow |
| 24:52 | Research | Crossbowman (upgrade) |
| 25:05 | Build | University |
| 25:08 | Build | House |
| 25:08 | Create | Villager (Male) |
| 25:13 | Build | House |
| 25:15 | Build | House |
| 25:16 | Build | House |
| 25:22 | Create | Villager (Male) |
| 25:23 | Create | Villager (Male) |
| 25:24 | Create | Archer ×3 |
| 25:24 | Create | Archer ×3 |
Build order — leo2000112
First 150 of 344 actions detected
| 0:54 | Build | Town Center |
| 2:28 | Create | Villager (Male) ×4 |
| 3:42 | Research | Loom |
| 4:19 | Create | Villager (Male) |
| 4:33 | Create | Villager (Male) |
| 4:33 | Create | Villager (Male) |
| 5:04 | Create | Villager (Male) |
| 5:04 | Create | Villager (Male) |
| 5:52 | Build | Dock |
| 6:00 | Create | Villager (Male) |
| 6:29 | Create | Villager (Male) |
| 6:30 | Create | Villager (Male) |
| 6:44 | Create | Villager (Male) |
| 6:49 | Create | Fishing Ship |
| 7:21 | Create | Villager (Male) |
| 7:22 | Create | Villager (Male) |
| 7:22 | Create | Villager (Male) |
| 8:04 | Create | Villager (Male) |
| 8:37 | Create | Villager (Male) |
| 8:38 | Create | Villager (Male) |
| 8:45 | Create | Fishing Ship |
| 8:45 | Create | Fishing Ship |
| 9:19 | Create | Villager (Male) |
| 9:20 | Create | Fishing Ship |
| 10:29 | Create | Fishing Ship |
| 10:43 | Build | Lumber Camp |
| 11:23 | Create | Villager (Male) |
| 11:23 | Create | Villager (Male) |
| 11:33 | Create | Fishing Ship |
| 12:14 | Build | Mill |
| 12:26 | Build | Mill |
| 12:30 | Create | Villager (Male) |
| 12:33 | Research | Feudal Age |
| 12:45 | Build | Mining Camp |
| 13:05 | Build | Barracks |
| 14:17 | Build | Dock |
| 14:38 | Create | Villager (Male) |
| 14:38 | Create | Villager (Male) |
| 15:05 | Age | Feudal Age |
| 15:07 | Build | Blacksmith |
| 15:11 | Research | Double-Bit Axe |
| 15:38 | Create | Villager (Male) |
| 15:43 | Build | Stable |
| 16:00 | Create | Unit 2626 |
| 16:14 | Create | Unit 2626 |
| 16:14 | Create | Unit 2626 |
| 16:24 | Research | Forging |
| 16:35 | Research | Castle Age |
| 16:40 | Research | Bloodlines |
| 17:14 | Create | Unit 2626 |
| 17:25 | Research | Gold Mining |
| 17:35 | Build | Stable |
| 18:07 | Create | Unit 2626 ×2 |
| 18:21 | Research | Scale Barding Armor |
| 18:35 | Create | Villager (Male) |
| 18:35 | Create | Villager (Male) |
| 19:15 | Age | Castle Age |
| 19:17 | Create | Knight ×2 |
| 19:34 | Build | Town Center |
| 19:59 | Create | Knight |
| 20:21 | Build | Town Center |
| 20:22 | Create | Villager (Male) |
| 20:22 | Create | Villager (Male) |
| 20:23 | Create | Villager (Male) |
| 20:23 | Create | Villager (Male) |
| 20:26 | Create | Knight |
| 20:44 | Create | Villager (Male) |
| 20:44 | Create | Villager (Male) |
| 21:09 | Create | Villager (Male) |
| 21:10 | Create | Villager (Male) |
| 21:21 | Create | Villager (Male) |
| 21:27 | Create | Knight ×3 |
| 22:01 | Create | Villager (Male) |
| 22:25 | Create | Knight |
| 22:33 | Create | Villager (Male) |
| 22:48 | Create | Villager (Male) |
| 23:04 | Create | Villager (Male) |
| 23:33 | Create | Villager (Male) |
| 23:35 | Create | Villager (Male) |
| 23:57 | Create | Knight ×4 |
| 24:08 | Create | Unit 2626 ×4 |
| 24:41 | Create | Villager (Male) |
| 24:41 | Create | Villager (Male) |
| 24:42 | Create | Villager (Male) |
| 25:05 | Create | Villager (Male) |
| 25:05 | Create | Villager (Male) |
| 25:17 | Build | Mining Camp |
| 25:47 | Create | Villager (Male) |
| 25:47 | Create | Villager (Male) |
| 25:48 | Create | Villager (Male) |
| 25:48 | Create | Villager (Male) |
| 25:50 | Create | Knight ×4 |
| 25:59 | Create | Villager (Male) |
| 25:59 | Create | Villager (Male) |
| 25:59 | Create | Villager (Male) |
| 26:05 | Research | Stone Mining |
| 26:05 | Research | Stone Mining |
| 26:18 | Build | Farm |
| 26:25 | Build | Farm |
| 26:55 | Create | Knight ×4 |
| 27:06 | Create | Unit 2626 |
| 27:06 | Create | Unit 2626 |
| 27:07 | Create | Villager (Male) |
| 27:07 | Create | Villager (Male) |
| 27:08 | Create | Villager (Male) |
| 27:22 | Build | Monastery |
| 27:41 | Build | Town Center |
| 27:45 | Build | Farm |
| 27:46 | Create | Villager (Male) |
| 27:49 | Build | Farm |
| 27:53 | Build | Farm |
| 27:57 | Research | Horse Collar |
| 28:01 | Create | Villager (Male) |
| 28:09 | Create | Knight ×3 |
| 28:56 | Create | Villager (Male) |
| 28:56 | Create | Villager (Male) |
| 28:56 | Create | Villager (Male) |
| 29:00 | Create | Monk |
| 29:01 | Create | Monk |
| 29:08 | Build | Castle |
| 29:11 | Create | Villager (Male) |
| 29:19 | Build | Farm |
| 29:23 | Build | Farm |
| 29:33 | Build | Farm |
| 29:34 | Build | Farm |
| 29:34 | Build | Farm |
| 29:34 | Build | Farm |
| 29:35 | Build | Farm |
| 29:35 | Build | Farm |
| 29:42 | Build | Farm |
| 30:00 | Create | Knight ×3 |
| 31:09 | Create | Villager (Male) |
| 31:09 | Create | Villager (Male) |
| 31:10 | Create | Villager (Male) |
| 31:11 | Create | Villager (Male) |
| 31:11 | Create | Villager (Male) |
| 31:11 | Create | Villager (Male) |
| 31:12 | Create | Villager (Male) |
| 31:46 | Create | Knight ×5 |
| 31:47 | Create | Villager (Male) |
| 31:47 | Create | Villager (Male) |
| 32:35 | Create | Knight ×4 |
| 33:06 | Create | Villager (Male) |
| 33:07 | Create | Villager (Male) |
| 33:17 | Create | Tarkan |
| 33:17 | Create | Tarkan |
| 33:17 | Create | Tarkan |
| 33:51 | Research | Chain Barding Armor |
| 34:03 | Create | Knight |
| 34:13 | Create | Villager (Male) |
Match timeline
| 0:53 | TartineMiamMiam · first_building Dock |
| 3:16 | Confiturier · first_building Dock |
| 4:06 | VT · first_building Dock |
| 5:52 | leo2000112 · first_building Dock |
| 10:58 | Confiturier · first_building Barracks |
| 12:07 | nanoushka · first_building Barracks |
| 12:15 | blue · first_building Barracks |
| 12:20 | Confiturier · age_up feudal |
| 12:28 | Confiturier · first_building Archery Range |
| 13:05 | leo2000112 · first_building Barracks |
| 13:13 | TartineMiamMiam · age_up feudal |
| 13:46 | blue · age_up feudal |
| 14:10 | nanoushka · age_up feudal |
| 14:30 | VT · age_up feudal |
| 14:55 | TartineMiamMiam · wall_segment Palisade Wall x4 |
| 14:57 | TartineMiamMiam · wall_segment Palisade Wall x6 |
| 15:00 | TartineMiamMiam · wall_segment Palisade Wall x9 |
| 15:05 | leo2000112 · age_up feudal |
| 15:18 | nanoushka · first_building Stable |
| 15:43 | leo2000112 · first_building Stable |
| 16:54 | VT · first_building Barracks |
| 17:36 | VT · first_building Stable |
| 19:15 | leo2000112 · age_up castle |
| 20:43 | TartineMiamMiam · first_building Barracks |
| 21:46 | VT · age_up castle |
| 21:59 | nanoushka · age_up castle |
| 22:03 | blue · wall_segment Stone Wall x1 |
| 22:06 | blue · wall_segment Stone Wall x3 |
| 22:09 | blue · wall_segment Stone Wall x9 |
| 22:39 | blue · wall_segment Stone Wall x11 |
| 22:45 | blue · wall_segment Stone Wall x17 |
| 22:56 | Confiturier · wall_segment Palisade Wall x1 |
| 23:05 | Confiturier · wall_segment Palisade Wall x6 |
| 23:20 | TartineMiamMiam · age_up castle |
| 24:32 | Confiturier · wall_segment Palisade Wall x4 |
| 24:34 | Confiturier · wall_segment Palisade Wall x1 |
| 24:40 | Confiturier · age_up castle |
| 24:49 | Confiturier · first_market_sell 100 wood |
| 25:15 | blue · first_market_buy 500 food |
| 25:55 | Confiturier · first_building Monastery |
| 27:22 | leo2000112 · first_building Monastery |
| 27:32 | VT · first_building Castle |
| 27:36 | TartineMiamMiam · first_building Castle |
| 28:48 | blue · wall_segment Stone Wall x1 |
| 29:08 | leo2000112 · first_building Castle |
| 29:13 | blue · age_up castle |
| 29:19 | blue · first_building Siege Workshop |
| 33:17 | blue · first_building Castle |
| 34:28 | TartineMiamMiam · first_market_buy 100 wood |
| 36:00 | TartineMiamMiam · first_building Archery Range |
| 36:50 | VT · first_market_buy 500 food |
| 37:46 | TartineMiamMiam · age_up imperial |
| 38:10 | VT · first_market_sell 500 wood |
| 38:52 | Confiturier · first_market_buy 100 food |
| 39:17 | TartineMiamMiam · first_market_sell 100 stone |
| 40:10 | VT · age_up imperial |
| 40:39 | nanoushka · first_building Castle |
| 41:02 | leo2000112 · first_market_sell 500 wood |
| 41:40 | TartineMiamMiam · wall_segment Palisade Wall x1 |
| 41:42 | TartineMiamMiam · wall_segment Palisade Wall x1 |
| 41:59 | Confiturier · first_building Castle |
| 42:12 | Confiturier · age_up imperial |
| 43:12 | leo2000112 · first_market_buy 100 food |
| 43:54 | Confiturier · first_building Siege Workshop |
| 45:24 | nanoushka · age_up imperial |
| 46:27 | leo2000112 · age_up imperial |
| 50:33 | leo2000112 · tribute_sent a jugador 1 |
| 50:33 | leo2000112 · tribute_sent a jugador 2 |
| 50:33 | leo2000112 · tribute_sent a jugador 3 |
| 50:33 | leo2000112 · tribute_sent a jugador 4 |
| 50:33 | leo2000112 · tribute_sent a jugador 5 |
| 51:04 | VT · first_building Siege Workshop |
| 51:35 | VT · resign |
[ AI ANALYSIS · 1 CREDIT ]
What really happened in this match?
Wolo.gg analyzes every decision: build order, eco, micro, common mistakes by bracket. Personalized analysis on WhatsApp or Discord in 30 seconds.
Civ guide
Goths
Map guide
Graupel
Perfil
Jugador #20999694